 Dungeon Crawl Stone Soup version 0.19.0-18-g426998a (webtiles) character file.

65 lorenzova the Skirmisher (level 3, -1/35 HPs)
             Began as a Minotaur Fighter on Nov 12, 2016.
             Slain by Monkaria's ghost (4 damage)
             ... on level 3 of the Dungeon.
             The game lasted 00:01:58 (1187 turns).

lorenzova the Skirmisher (Minotaur Fighter)         Turns: 1187, Time: 00:01:59

Health: -1/35      AC:  6    Str: 25    XL:     3   Next: 94%
Magic:  2/2        EV:  7    Int:  5    God:
Gold:   137        SH:  8    Dex: 10    Spells: 0 memorised, 2 levels left

rFire  . . .     SeeInvis .     a - +0 war axe
rCold  . . .     Gourm    .     b - +0 scale mail
rNeg   . . .     Faith    .     c - +0 shield
rPois  .         Spirit   .     (helmet restricted)
rElec  .         Reflect  .     (no cloak)
rCorr  .         Harm     .     (no gloves)
MR     .....                    (no boots)
Stlth  ..........               (no amulet)
                                (no ring)
                                (no ring)

@: mighty, heavily drained
A: retaliatory headbutt, horns 2
a: no special abilities


You were on level 3 of the Dungeon.
You were very hungry.

You visited 1 branch of the dungeon, and saw 3 of its levels.

You collected 137 gold pieces.

Inventory:

Hand Weapons
 a - a +0 war axe (weapon)
Armour
 b - a +0 scale mail (worn)
 c - a +0 shield (worn)
Scrolls
 e - 2 scrolls of identify {unknown}
 i - a scroll of noise {unknown}
 k - a scroll of random uselessness {unknown}
 m - a scroll of fog {unknown}
 o - a scroll of amnesia {unknown}
 q - a scroll of remove curse {unknown}
 r - 2 scrolls of blinking {unknown}
 u - a scroll of immolation {unknown}
 v - a scroll of magic mapping {unknown}
Potions
 j - 2 potions of mutation {unknown}
 n - a potion of cancellation {unknown}
 s - a potion of brilliance {unknown}
 t - a potion of agility {unknown}
 w - a potion of degeneration {unknown}
Comestibles
 f - a bread ration
 g - a beef jerky
 h - 5 slices of pizza
 l - a royal jelly
 p - 4 fruits


   Skills:
 * Level 4.8(2.8) Fighting
 - Level 2.4(0.5) Axes
 * Level 4.2(2.2) Armour
 + Level 1.8(0.0) Dodging
 - Level 3.6(1.6) Shields


You had 2 spell levels left.
You didn't know any spells.

Dungeon Overview and Level Annotations

Branches:
Dungeon (3/15)

Altars:

Annotations:
D:3 Monkaria's ghost, amateur DDEE


Innate Abilities, Weirdness & Mutations

You reflexively headbutt those who attack you in melee.
You have a pair of horns on your head.


Message History

Monkaria's ghost completely misses you.
You closely miss Monkaria's ghost.
Monkaria's ghost is heavily damaged.
You block Monkaria's ghost's attack.
Monkaria's ghost hits you but does no damage.
You feel drained.
You closely miss Monkaria's ghost.
Monkaria's ghost is heavily damaged.
Monkaria's ghost hits you.
* * * LOW HITPOINT WARNING * * *
You feel drained. Monkaria's ghost completely misses you.
You furiously retaliate!
You headbutt Monkaria's ghost, but do no damage.
You barely miss Monkaria's ghost.
Monkaria's ghost is heavily damaged.
You block Monkaria's ghost's attack.
You closely miss Monkaria's ghost. You headbutt Monkaria's ghost!
Monkaria's ghost is severely damaged.
You block Monkaria's ghost's attack. Monkaria's ghost hits you.
You die...

####### #.....# #.....#
#.....# #.....# #!..W.# #
#...@.# .###.#.$...###.#
.....#.........#
...........##..# ########
...#.......# .# #......#
#_#.....###..# #.####.#
..#$.##.......####......#
......
#.#######.......#.# ##.##
#.# #.##..#.#.#


You could see Monkaria's ghost.

Vanquished Creatures
  4 worms
  A dart slug (D:1)
  A leopard gecko (D:3)
  An orc (D:3)
  6 goblins
  6 hobgoblins
  4 jackals (D:1)
  8 bats
  3 frilled lizards (D:2)
  12 kobolds
  4 rats
50 creatures vanquished.

Notes
Turn   | Place    | Note
-------+----------+-------------------------------------------
     0 | D:1      | lorenzova the Minotaur Fighter began the quest for the Orb.
     0 | D:1      | Reached XP level 1. HP: 19/19 MP: 0/0
    72 | D:1      | Reached XP level 2. HP: 16/27 MP: 1/1
   426 | D:2      | Reached skill level 1 in Dodging
   443 | D:2      | Reached XP level 3. HP: 34/34 MP: 2/2
  1166 | D:3      | Found a faded altar of an unknown god.
  1168 | D:3      | Noticed Monkaria's ghost (amateur DDEE)
  1187 | D:3      | Slain by Monkaria's ghost

Skill      XL: |  1  2 |
---------------+-------+-----
Fighting       | 4 |  4.8
Armour         | 4 |  4.2
Dodging        | 1 |  1.8
Axes           | |  2.4
Shields        | |  3.6

Action                   || total
-------------------------++-------
Melee: War axe           ||   113
       Headbutt          ||    12
  Use: Potion            ||     1
Armor: Scale mail        ||    60
Dodge: Dodged            ||    47
Block: Shield            ||    84
